cohdb
Replays
Latest Replays
All Replays
Popular Replays
Top Player Replays
Match Explorer
How It Works
Community
CoH3 Stats
Reddit
Sign in to upload your games and track your stats! →
Sign in with Steam
Match 42695995
Unlisted
Match 42695995
Overview
Messages
Build Orders
End
Construct Infanterie Kompanie
Selects Mechanized Battlegroup
Grenadier Squad
Grenadier Squad
MG 42 Machine Gun Team
GrW 34 Mortar Team
Construct Luftwaffe Kompanie
Support Elements
MG 42 Machine Gun Team
Selects Raid Package
Medical Station
Grenadier Squad
Wirbelwind Flakpanzer
Jäger Squad
Selects StuG Assault Group
Selects UNKNOWN (2160084)
Jäger Squad
StuG Assault Group
Selects Mobile Repair Stations
Selects Stoßtruppen Assault Package
Construct Panzer Kompanie
Pioneer Squad
Selects Zeroing Artillery Barrage
Panther Heavy Tank
Panther Heavy Tank
Pioneer Squad
Pioneer Squad
Panzer IV Medium Tank
Panzer IV Medium Tank
Pioneer Squad
Panther Heavy Tank
Pioneer Squad
Panther Heavy Tank
Pinec0ne
Mr_jensen
Tok3n x Operator
Kag_Warduff
0
0
Comments
sign in to comment!
No comments posted yet!